 Dungeon Crawl Stone Soup version 0.19.1 (webtiles) character file.

5393 Kwzr the Grappler (level 10, -9/91 HPs)
             Began as a Troll Warper on Dec 23, 2016.
             Was a Follower of Makhleb.
             Mangled by a minotaur
             ... wielding a cursed -2 eveningstar
              (39 damage)
             ... in a labyrinth.
             The game lasted 01:12:11 (8693 turns).

Kwzr the Grappler (Troll Warper)                    Turns: 8693, Time: 01:12:12

Health: -9/91      AC:  9    Str: 21    XL:     10   Next: 39%
Magic:  13/15      EV: 13    Int: 12    God:    Makhleb [*.....]
Gold:   365        SH:  0    Dex:  9    Spells: 3 memorised, 12 levels left

rFire  . . .     SeeInvis +       - Unarmed
rCold  . . .     Gourm    +     R - +4 robe "Sathrizasch" {rPois Regen+ SInv}
rNeg   + . .     Faith    .     (no shield)
rPois  +         Spirit   .     (helmet restricted)
rElec  .         Reflect  .     (no cloak)
rCorr  .         Harm     +     (gloves unavailable)
MR     .....                    (boots unavailable)
Stlth  +.........               B - amulet of harm
                                (no ring)
                                k - ring of positive energy

@: very slightly contaminated, hasted, very quick
A: unfitting armour, claws 3, fast metabolism 3, gourmand, regeneration 1,
shaggy fur 1, tough skin 2
a: Renounce Religion


You were in a labyrinth.
You worshipped Makhleb.
Makhleb was aware of your devotion.
You were not hungry.

You visited 3 branches of the dungeon, and saw 11 of its levels.
You also visited: Labyrinth.

You collected 365 gold pieces.

Inventory:

Hand Weapons
 b - a +1 hunting sling of freezing
 w - the +8 mace of the Vaults {freeze, +Rage rN+ Int+5}
   (You found it on level 4 of the Dungeon)

   It has been specially enchanted to freeze those struck by it, causing extra
   injury to most foes and up to half again as much damage against particularly
   susceptible opponents.
   It can also slow down cold-blooded creatures.
   It affects your intelligence (+5).
   It protects you from negative energy.
   It lets you go berserk.
 P - a +0 blowgun
Missiles
 d - 5 tomahawks of dispersal (quivered)
 g - 26 sling bullets
 h - 171 stones
 p - 9 tomahawks
Armour
 a - a +0 robe
 R - the +4 robe "Sathrizasch" (worn) {rPois Regen+ SInv}
   (You found it on level 7 of the Dungeon)

   It protects you from poison.
   It lets you see invisible.
   It increases your rate of regeneration.
Magical Staves
 V - an uncursed staff of power
Jewellery
 k - a ring of positive energy (left claw)
 B - an amulet of harm (around neck)
Wands
 L - a wand of polymorph (3/24)
 Q - a wand of hasting (3/9)
 W - a wand of digging (17/24)
 X - a wand of random effects (24/48)
Scrolls
 c - 2 scrolls of blinking
 e - 3 scrolls of amnesia
 l - 2 scrolls of enchant weapon {unknown}
 r - a scroll of magic mapping {unknown}
 v - 9 scrolls of remove curse
 A - 2 scrolls of recharging {unknown}
 C - 3 scrolls of fog {unknown}
 F - a scroll of fear {unknown}
 G - 4 scrolls of teleportation {unknown}
 I - 2 scrolls of immolation {unknown}
 U - a scroll of acquirement {unknown}
Potions
 j - a potion of mutation {unknown}
 m - a potion of might
 n - a potion of berserk rage {unknown}
 o - 3 potions of degeneration
 z - 4 potions of invisibility
 E - 2 potions of ambrosia
 S - a potion of brilliance {unknown}
Comestibles
 f - 5 bread rations
 q - 2 beef jerkies
 t - 2 meat rations
 K - 9 fruits


   Skills:
 - Level 3.0 Fighting
 - Level 0.8 Throwing
 - Level 7.7 Dodging
 - Level 8.0 Unarmed Combat
 - Level 4.0 Spellcasting
 - Level 3.0 Charms
 + Level 4.9 Translocations


You had 12 spell levels left.
You knew the following spells:

 Your Spells              Type           Power        Failure   Level  Hunger
a - Shroud of Golubria    Chrm/Tloc      ##........   10%         2    ##.....
b - Blink                 Tloc           N/A          6%          2    ##.....
c - Confusing Touch       Hex            #.....       21%         1    #......


Dungeon Overview and Level Annotations

Branches:
Dungeon (9/15)             Temple (1/1) D:5            Lair (1/6) D:9
    Orc: D:9-12

Altars:
Ashenzari
Cheibriados
Dithmenos
Elyvilon
Fedhas
Gozag
Hepliaklqana
Kikubaaqudgha
Makhleb
Nemelex Xobeh
Qazlal
Ru
Sif Muna
Trog
Uskayaw
Vehumet
Xom
Yredelemnul
Zin
The Shining One

Shops:
D:8 *

Annotations:
D:7 Pytinka's ghost, novice MiFi
D:8 Maurice


Innate Abilities, Weirdness & Mutations

You are too large for most types of armour.
You have claws for hands.
Your metabolism is lightning-fast.
You like to eat raw meat.
Your natural rate of healing is unusually fast.
You are covered in fur. (AC +1)
You have very tough skin. (AC +2)


Message History

Confirm with . or Enter, or press ? or * to list all spells.
Your claws begin to glow red.
You scratch the minotaur but do no damage.
The minotaur is moderately wounded.
You scratch the minotaur but do no damage.
The minotaur appears confused.
The minotaur is moderately wounded.
Your claws stop glowing.
The minotaur hits itself with an enchanted eveningstar!
The minotaur gores itself!
You barely miss the minotaur.
The minotaur is heavily wounded.
You claw the minotaur!
The minotaur is severely wounded.
You catch the helpless minotaur completely off-guard!
You claw the minotaur!
The minotaur is almost dead.
Your shroud begins to fray at the edges.
The minotaur hits you with an enchanted eveningstar!!
You die...

# ###. ##. . #
. #. ...# . # #
## #.. . . .
#.... .. ... .
##### ## #.
##.## .# #.#
... . #. .
...... .
#.#.#########.#
'# . ..#..
....#...# . .#
## #.###.@.# .
. # #.....H.#
.8 ###
#.###.###.# :
.# #... .# .
### ## .### .=
.. ..# #... # #


You could see a minotaur (confused).

Vanquished Creatures
  The ghost of Cupidatis the Geomancer, a journeyman GrEE of Vehumet (Lab)
  Erica (D:9)
  A hill giant (D:5)
  A hippogriff (D:9)
  The ghost of Turgon the Poker, an amateur DsCK of Xom (D:4)
  A shadow (Lab)
  3 yaks (D:9)
  A porcupine (Lair:1)
  A black bear (D:6)
  An ice beast (D:7)
  An orc warrior (D:7)
  A phantom (D:7)
  4 ogres
  3 centaurs
  A crocodile (Lair:1)
  4 bullfrogs
  6 wights
  6 howler monkeys
  3 electric eels (D:7)
  A quasit (D:9)
  3 orc priests
  A bullfrog skeleton (D:5)
  2 hounds
  2 jellies
  4 orc wizards
  2 iguanas
  2 worker ants (D:6)
  4 adders
  12 gnolls
  A shadow imp (D:7)
  3 oozes
  An adder skeleton (D:9)
  A worm (D:3)
  A dart slug (D:4)
  7 leopard geckos
  16 orcs
  5 ball pythons
  4 giant cockroaches
  4 goblins
  9 hobgoblins
  12 jackals
  A quokka (D:4)
  4 bats
  5 frilled lizards
  8 kobolds
  2 leopard gecko skeletons
  12 rats
  A plant (D:9)
171 creatures vanquished.

Vanquished Creatures (others)
  A shadow (Lab)
  3 plants (D:9)
4 creatures vanquished.

Grand Total: 175 creatures vanquished

Notes
Turn   | Place    | Note
-------+----------+-------------------------------------------
     0 | D:1      | Kwzr the Troll Warper began the quest for the Orb.
     0 | D:1      | Reached XP level 1. HP: 19/19 MP: 1/1
    84 | D:1      | Reached XP level 2. HP: 28/28 MP: 3/3
   165 | D:1      | Learned a level 2 spell: Shroud of Golubria
   296 | D:1      | Reached XP level 3. HP: 35/35 MP: 4/4
  1157 | D:2      | Found an ancient bone altar of Kikubaaqudgha.
  1226 | D:2      | Learned a level 2 spell: Blink
  1603 | D:3      | Reached XP level 4. HP: 42/42 MP: 5/5
  2144 | D:3      | Reached skill level 3 in Unarmed Combat
  2219 | D:3      | Reached XP level 5. HP: 41/49 MP: 6/6
  2395 | D:4      | Noticed an ogre
  2404 | D:4      | Killed an ogre
  2423 | D:4      | Noticed Turgon's ghost (amateur DsCK)
  2520 | D:4      | Found a glowing golden altar of the Shining One.
  2520 | D:4      | Found a faded altar of an unknown god.
  2525 | D:4      | Found a faded altar of an unknown god.
  2527 | D:4      | Found a faded altar of an unknown god.
  2528 | D:4      | Found a faded altar of an unknown god.
  2580 | D:4      | Reached XP level 6. HP: 46/57 MP: 7/9
  2711 | D:4      | Killed Turgon's ghost
  2711 | D:4      | Reached XP level 7. HP: 54/65 MP: 9/11
  2785 | D:4      | Found a stormy altar of Qazlal.
  3163 | D:4      | Got an encrusted mace
  3178 | D:4      | Identified the +8 mace of the Vaults {freeze, +Rage rN+ Int+5} (You found it on level 4 of the Dungeon)
  3435 | D:4      | Found a shimmering altar of Xom.
  3525 | D:5      | Entered Level 5 of the Dungeon
  3535 | D:5      | Learned a level 1 spell: Confusing Touch
  3746 | D:5      | Found a blossoming altar of Fedhas.
  3810 | D:5      | Found a shattered altar of Ashenzari.
  3848 | D:5      | Found a staircase to the Ecumenical Temple.
  3862 | Temple   | Entered the Ecumenical Temple
  4046 | D:5      | Reached skill level 4 in Unarmed Combat
  4151 | D:5      | Reached skill level 1 in Charms
  4502 | D:5      | Noticed a hill giant
  4528 | D:5      | Killed a hill giant
  4528 | D:5      | Reached skill level 5 in Unarmed Combat
  4528 | D:5      | Reached XP level 8. HP: 18/72 MP: 11/13
  4727 | D:6      | Found a bloodstained altar of Trog.
  4727 | D:6      | Found a white marble altar of Elyvilon.
  5011 | D:6      | Found a burning altar of Makhleb.
  5022 | D:6      | Became a worshipper of Makhleb the Destroyer
  5091 | D:6      | Found a hazy altar of Hepliaklqana.
  5228 | D:6      | Reached skill level 6 in Unarmed Combat
  5620 | D:7      | Reached skill level 7 in Unarmed Combat
  5647 | D:7      | Noticed Pytinka's ghost (novice MiFi)
  5819 | D:7      | Reached XP level 9. HP: 50/81 MP: 14/14
  6555 | D:7      | Found a shadowy altar of Dithmenos.
  6575 | D:7      | Got a transparent robe
  6586 | D:7      | Identified the +4 robe "Sathrizasch" {rPois Regen+ SInv} (You found it on level 7 of the Dungeon)
  6659 | D:7      | Reached skill level 8 in Unarmed Combat
  6759 | D:7      | Reached * piety under Makhleb
  6908 | D:8      | Found Adaej's Assorted Antiques.
  6962 | D:8      | Noticed Maurice
  6966 | D:8      | Reached skill level 5 in Dodging
  7061 | D:9      | Noticed Erica
  7092 | D:9      | Killed Erica
  7113 | D:9      | Reached XP level 10. HP: 85/91 MP: 11/15
  7188 | D:9      | Found a staircase to the Lair.
  7212 | Lair:1   | Entered Level 1 of the Lair of Beasts
  7312 | Lair:1   | Found a labyrinth entrance.
  7336 | Lab      | Entered a labyrinth
  7429 | Lab      | Noticed Cupidatis's ghost (journeyman GrEE)
  7464 | Lab      | Killed Cupidatis's ghost
  8638 | Lab      | Noticed a minotaur
  8693 | Lab      | Mangled by a minotaur

Skill      XL: |  1  2  3  4  5  6  7  8  9 10 |
---------------+-------------------------------+-----
Dodging        | 2 3 7 |  7.7
Fighting       | 2 3 |  3.0
Unarmed Combat | 3 5 7 8 |  8.0
Translocations | 3 4 |  4.9
Spellcasting   | 2 3 4 |  4.0
Charms         | 2 3 |  3.0
Throwing       | |  0.8

Action                   |  1- 3 |  4- 6 |  7- 9 | 10-12 || total
-------------------------+-------+-------+-------+-------++-------
Melee: Unarmed           |   146 |    75 |   280 |    92 ||   593
       Punch             |     1 |     1 |     8 |     3 ||    13
       Mace              |       |       |    22 |       ||    22
 Fire: Hunting sling     |     3 |    65 |    82 |     1 ||   151
Throw: Stone             |    13 |       |       |       ||    13
 Cast: Shroud of Golubri |     4 |     1 |    27 |     8 ||    40
       Blink             |       |     1 |     3 |       ||     4
       Confusing Touch   |       |       |    30 |     5 ||    35
Evoke: Wand              |       |       |     1 |     3 ||     4
  Use: Scroll            |     1 |     1 |     1 |     4 ||     7
       Potion            |       |     1 |     2 |     7 ||    10
 Stab: Sleeping          |     1 |       |       |       ||     1
       Confused          |       |       |     7 |     3 ||    10
  Eat: Chunk             |    17 |    14 |    41 |     5 ||    77
       Meat ration       |       |       |       |     1 ||     1
       Fruit             |       |       |       |     1 ||     1
Armor: Robe              |    56 |    17 |    53 |    27 ||   153
Dodge: Dodged            |    66 |    38 |   156 |    42 ||   302
